 Dungeon Crawl Stone Soup version 0.31.0-11-ge490571c62 (webtiles) character file.

Game seed: 14054164718291131363

93 Aldia the Shooter (level 4, 0/34 (35) HPs)
             Began as a Formicid Hunter on Feb 9, 2024.
             Slain by Crazy Yiuf
             ... wielding a +4 quarterstaff of chaos
              (1 damage)
             ... on level 2 of the Dungeon.
             The game lasted 00:02:05 (1482 turns).

Aldia the Shooter (Formicid Hunter)                 Turns: 1482, Time: 00:02:06

HP:   0/34 (35)     AC:  3    Str: 16    XL:     4   Next: 92%
MP:   4/4           EV: 12    Int:  8    God:
Gold: 120           SH:  0    Dex: 19    Spells: 3/3 levels left

rFire   + . .        a - +0 shortbow
rCold   + . .        (no shield)
rNeg    + . .        c - +0 leather armour
rPois   +            (helmet unavailable)
rElec   +            (no cloak)
rCorr   +            (no gloves)
SInv    +            (no boots)
Will    .....        (no amulet)
Stlth   ++           h - ring of positive energy
HPRegen 0.25/turn    (no ring)
MPRegen 0.09/turn

%: no passive effects
@: resistant, lightly drained
A: permanent stasis, dig shafts and tunnels, antennae 3, four strong arms
a: Dig, Shaft Self


You were on level 2 of the Dungeon.
You visited 1 branch of the dungeon, and saw 2 of its levels.

You collected 120 gold pieces.

Inventory:

Hand Weapons
 a - a +0 shortbow (weapon)
Armour
 c - a +0 leather armour (worn)
Jewellery
 h - a ring of positive energy (left hand)
Scrolls
 b - a scroll of butterflies
 e - a scroll of fear
 f - a scroll of fog {unknown}
 g - 2 scrolls of amnesia {unknown}
 j - a scroll of revelation {unknown}
Potions
 d - 2 potions of invisibility
 i - 2 potions of heal wounds {unknown}


   Skills:
 + Level 3.3 Fighting
 * Level 5.1 Ranged Weapons
 - Level 1.0 Armour
 - Level 2.0 Dodging
 - Level 1.2 Stealth


You had 3 spell levels left.
You didn't know any spells.
Your spell library was empty.

Dungeon Overview and Level Annotations

Branches:
Dungeon (2/15)

Altars:

Annotations:
D:2 Crazy Yiuf


Innate Abilities, Weirdness & Mutations

You cannot be hasted, slowed, berserked, paralysed or teleported.
You can dig through walls and to a lower floor.
You have a pair of large antennae on your head. (SInv)
Your four strong arms can wield two-handed weapons with a shield.


Message History

You shoot an arrow. The arrow hits the endoplasm.
You kill the endoplasm!
You shoot an arrow. The arrow hits the goblin.
You kill the goblin!
No target in view!
No target in view!
No target in view!
j - a scroll labelled KIWAUZ ALLA
Found 3 stones.
You now have 120 gold pieces (gained 10).
You see here the +6 dagger of Nanesm {freeze, ^Fragile rF+ rN+ Dex+5}.
You see here 3 stones.
Found a hammer.
Found a runed translucent door.
Crazy Yiuf shouts!
Press: ? - help, v - describe, . - travel
Here: Crazy Yiuf, wielding a +4 quarterstaff of chaos and wearing a +0 cloak (fire blocked by a runed translucent door)
The floor.
Okay, then.
You open the door. You shoot an arrow. The arrow hits Crazy Yiuf.
Crazy Yiuf is moderately wounded.
Crazy Yiuf hits you with a +4 quarterstaff of chaos!
Crazy Yiuf burns you.
You shoot an arrow. The arrow hits Crazy Yiuf.
Crazy Yiuf is heavily wounded.
Crazy Yiuf hits you with a +4 quarterstaff of chaos!
* * * LOW HITPOINT WARNING * * *
You feel protected.
You are too injured to fight recklessly!
You are too injured to fight recklessly!
You are too injured to fight recklessly!
You are too injured to fight recklessly!
Unknown command.
You shoot an arrow. The arrow hits Crazy Yiuf!
Crazy Yiuf is almost dead.
Crazy Yiuf yells, "Cod!
Citrus light meccalolo."
Crazy Yiuf hits you with a +4 quarterstaff of chaos!
* * * LOW HITPOINT WARNING * * *
You partially resist.
You feel drained.
You die...

##### #)..# #### #...# #..#
... #.)# #g# #..# ♣@♣♣
###### #..## ♣♣.♣ #.>..###
#...# ♣.♣♣ #......####
#.#.# ♣♣.♣ #....#....##
#...# ♣♣.♣♣ #....###....
##..# ♣♣...♣ #.....##..).
#..# ♣....♣ #.....##....
#..## ##..## ##.##<.#....
#...#####....####.###....#.


You could see Crazy Yiuf.

Vanquished Creatures
  Jessica (D:2)
  Terence (D:2)
  An adder (D:2)
  5 endoplasms
  A giant cockroach (D:2)
  3 goblins
  2 hobgoblins (D:2)
  2 jackals (D:1)
  2 quokkas (D:2)
  4 ball pythons
  5 bats
  3 frilled lizards (D:1)
  4 kobolds
  2 rats
36 creatures vanquished.

Notes
Turn   | Place    | Note
-------+----------+-------------------------------------------
     0 | D:1      | Aldia the Formicid Hunter began the quest for the Orb.
     0 | D:1      | Reached XP level 1. HP: 16/16 MP: 1/1
    33 | D:1      | Found a faded altar of an unknown god.
   147 | D:1      | Reached XP level 2. HP: 23/23 MP: 2/2
  1008 | D:2      | Reached XP level 3. HP: 28/28 MP: 3/3
  1012 | D:2      | Noticed Jessica
  1012 | D:2      | Noticed Terence
  1032 | D:2      | Killed Terence
  1033 | D:2      | Reached skill level 1 in Armour
  1036 | D:2      | Killed Jessica
  1037 | D:2      | Reached skill level 5 in Ranged Weapons
  1037 | D:2      | Reached XP level 4. HP: 7/35 MP: 4/4
  1418 | D:2      | Identified the +6 dagger of Nanesm {freeze, ^Fragile rF+
                  | rN+ Dex+5}
  1475 | D:2      | Found a runed translucent door.
  1476 | D:2      | Noticed Crazy Yiuf
  1482 | D:2      | HP: 1/35 [Crazy Yiuf/+4 quarterstaff of chaos (7)]
  1482 | D:2      | Slain by Crazy Yiuf

Illustrated notes

Levels and vault maps discovered:
D:1:      eino_arrival_water_cross, layout_basic,
          shapermc_ecumenical_altar_totnotflames
D:2:      layout_rooms, minmay_misc_feat_square, uniq_jessica, uniq_terence,
          uniq_crazy_yiuf_cottage

Skill      XL: |  1  2  3 |
---------------+----------+-----
Dodging        | 2 |  2.0
Armour         | 1 |  1.0
Fighting       | 3 |  3.3
Ranged Weapons | 5 |  5.1
Stealth        | |  1.2

Action                     |  1- 3 |  4- 6 || total
---------------------------+-------+-------++-------
   Fire: Shortbow          |    66 |    32 ||    98
Ability: Dig               |     1 |       ||     1
    Use: Scroll            |     2 |       ||     2
 Armour: Leather armour    |    14 |     6 ||    20
  Dodge: Dodged            |    16 |     2 ||    18
